[Event "Canary Islands-ch 2019"]
[Site "La Palma"]
[Date "2019.05.02"]
[Round "1.1"]
[White "Perez Bolanos, Joel"]
[Black "Ramirez Medina, Victor"]
[Result "1/2-1/2"]
[ECO "C27"]
[WhiteElo "1888"]
[BlackElo "2233"]
[Annotator "NA"]
[PlyCount "119"]
[EventDate "2019.05.02"]
[EventType "swiss"]
[EventCountry "ESP"]
[SourceTitle "playchess.com"]
[Source "ChessBase"]
[SourceQuality "1"]
[TimeControl "5400+30"]

1. e4 e5 2. Nc3 Nf6 3. Bc4 Nxe4 4. Nxe4 d5 5. Qh5 (5. Bd3 dxe4 6. Bxe4 f5 7. Bf3 e4 8. Be2 Nc6 9. d3 Bd6 10. Nh3 O-O 11. dxe4 fxe4 12. Be3 Bxh3 13. gxh3 {0-1 (54) Safarli,E (2660)-Mamedyarov,S (2753) Khanty-Mansiysk 2013}) 5... dxc4 6. Qxe5+ {[%emt 0:00:10] C27: Vienna Game: 2...Nf6 3 Bc4 Nxe4} Be6 7. Ne2 $146 ({Predecessor:} 7. Nc5 Nc6 8. Qe4 Bxc5 9. d3 Nd4 10. Kd1 O-O 11. Nh3 Bd5 12. Qe5 {0-1 (27) Claussen,K (845)-Vianden,E (1050) Willingen 2017}) 7... Nc6 8. Qg3 Qd7 9. b3 Nd4 10. Nxd4 Qxd4 11. Nc3 Bd6 12. Qe3 Qf6 13. bxc4 O-O 14. O-O Rfe8 15. Qf3 Qxf3 16. gxf3 Bxc4 17. d3 Be6 18. Bb2 Bd7 19. Rfe1 Bc6 20. Ne4 Bf4 21. Kg2 f5 22. Nc5 g5 23. Ne6 Bd2 24. Re5 g4 25. Nxc7 Bxf3+ 26. Kg1 Rxe5 27. Bxe5 Rc8 28. Rb1 Ba5 29. Nb5 Rxc2 30. a3 Bb6 31. Bd4 Bxd4 32. Nxd4 Rd2 33. Nxf3 gxf3 34. h3 b6 35. Rb3 Kf7 36. d4 Rxd4 37. Rxf3 Ke6 38. Kg2 b5 39. Re3+ Kd6 40. Rf3 f4 41. Rc3 a5 42. Kf3 Kd5 43. Kg4 b4 44. axb4 axb4 45. Rc7 h6 46. Rb7 Ke4 47. Rb6 Kd3 48. Rxh6 b3 49. Rb6 Kc3 50. h4 f3+ 51. Kxf3 Rxh4 52. Ke3 b2 $2 (52... Rc4 $19 53. Rb5 b2 54. Rxb2 Kxb2 55. Kd2 Rd4+ 56. Ke3 Kc3 57. f3 Rb4 58. f4 Rc4 59. f5 Ra4 60. f6 Ra6 61. f7 Rf6 62. Ke4 Rxf7 63. Ke5 Re7+ 64. Kf6 Re1 65. Kg6 Rf1 66. Kg5 Kd4 67. Kg4 Ke5 68. Kg3 Ke4 69. Kg4 Rg1+ 70. Kh4 Kf5 71. Kh3 Kf4 72. Kh2 Rg3 73. Kh1 Ke3 74. Kh2 Kf2 75. Kh1 Rh3#) 53. f4 $1 Rh3+ 54. Ke4 Kc2 55. Rxb2+ Kxb2 56. f5 Kc3 57. f6 Kc4 58. f7 Rh1 59. Ke5 (59. f8=Q {gets mated.} Re1+ 60. Kf3 Rf1+ {[%mdl 64] Skewer} 61. Ke4 Rxf8 62. Ke5 Re8+ 63. Kf4 Kd5 64. Kg5 Ke5 65. Kg4 Rf8 66. Kg3 Ke4 67. Kg4 Rg8+ 68. Kh5 Kf4 69. Kh6 Kf5 70. Kh7 Rg6 71. Kh8 Kf6 72. Kh7 Kf7 73. Kh8 Rh6#) 59... Rf1 60. Ke6 $11 1/2-1/2

[Event "Canary Islands-ch 2019"]
[Site "La Palma"]
[Date "2019.05.02"]
[Round "1.2"]
[White "Martin Hernandez, Ruben"]
[Black "Alonso Contreras, Mario Elias"]
[Result "1-0"]
[ECO "A14"]
[WhiteElo "2170"]
[BlackElo "1881"]
[Annotator "NA"]
[PlyCount "45"]
[EventDate "2019.05.02"]
[EventType "swiss"]
[EventCountry "ESP"]
[SourceTitle "playchess.com"]
[Source "ChessBase"]
[SourceQuality "1"]
[TimeControl "5400+30"]

1. Nf3 Nf6 2. g3 e6 3. Bg2 d5 4. c4 Be7 5. O-O O-O 6. b3 c5 7. cxd5 Nxd5 8. Bb2 Nc6 9. Nc3 Nxc3 10. dxc3 Qc7 11. Qc2 b6 12. Rad1 Bb7 13. c4 Rad8 14. Bc3 Rxd1 15. Rxd1 Rd8 16. Rxd8+ Qxd8 17. Ne5 Nd4 18. Qd3 Bxg2 19. Kxg2 f6 20. Bxd4 cxd4 21. Nc6 Qc7 22. Nxd4 Bc5 23. Nxe6 1-0

[Event "Canary Islands-ch 2019"]
[Site "La Palma"]
[Date "2019.05.03"]
[Round "2.1"]
[White "Martin Rodriguez, Pablo"]
[Black "Martin Hernandez, Ruben"]
[Result "1/2-1/2"]
[ECO "A20"]
[WhiteElo "2004"]
[BlackElo "2170"]
[Annotator "NA"]
[PlyCount "69"]
[EventDate "2019.05.02"]
[EventType "swiss"]
[EventCountry "ESP"]
[SourceTitle "playchess.com"]
[Source "ChessBase"]
[SourceQuality "1"]
[TimeControl "5400+30"]

1. c4 e5 2. g3 Nf6 3. Bg2 c6 4. d4 e4 5. d5 cxd5 6. cxd5 Bb4+ 7. Bd2 Qe7 8. Nc3 O-O 9. Bg5 h6 10. Bxf6 Qxf6 11. Qb3 Na6 12. Bxe4 d6 13. Bd3 Ba5 14. Bxa6 bxa6 15. Rc1 Bf5 16. Qa4 Qd8 17. Qf4 Qd7 18. Nf3 Bh3 19. Rg1 Qb5 20. Qd2 Qd7 21. Qf4 Bf5 22. Nd4 Bg6 23. Nc6 Bb6 24. Kf1 Bd8 25. Nxd8 Qh3+ 26. Rg2 Rfxd8 27. Kg1 Rab8 28. b3 Rbc8 29. Kh1 Rc5 30. Rgg1 Qd7 31. Rgd1 Qb7 32. Kg1 Rdc8 33. Na4 Rxc1 34. Rxc1 Rxc1+ 35. Qxc1 1/2-1/2

[Event "Canary Islands-ch 2019"]
[Site "La Palma"]
[Date "2019.05.03"]
[Round "2.2"]
[White "Alvarez Alonso, Alberto"]
[Black "Korneev Leskova, Svyatoslav"]
[Result "0-1"]
[ECO "C01"]
[WhiteElo "1985"]
[BlackElo "2156"]
[Annotator "NA"]
[PlyCount "64"]
[EventDate "2019.05.02"]
[EventType "swiss"]
[EventCountry "ESP"]
[SourceTitle "playchess.com"]
[Source "ChessBase"]
[SourceQuality "1"]
[TimeControl "5400+30"]

1. e4 e6 2. d4 d5 3. exd5 exd5 4. Nf3 Bg4 5. Qe2+ Qe7 6. Be3 Nc6 7. Nc3 O-O-O 8. O-O-O Nf6 9. h3 Bh5 10. g4 Bg6 11. Ne5 Qe6 12. f4 Be4 13. Bg2 Bxg2 14. Qxg2 Bb4 15. Ne2 Ne4 16. c3 f6 17. f5 Qe8 18. Nxc6 Qxc6 19. Kb1 Bd6 20. Bf4 Qa4 21. Qf3 Rhe8 22. h4 Re7 23. Bxd6 Rxd6 24. Nc1 Rb6 25. b3 Qa5 26. Kb2 Rc6 27. Rd3 b5 28. b4 Qa4 29. Nb3 Nd6 30. Na5 Ra6 31. Ra1 Rxa5 32. bxa5 Nc4+ 0-1

[Event "Canary Islands-ch 2019"]
[Site "La Palma"]
[Date "2019.05.03"]
[Round "2.3"]
[White "Hidalgo Santana, Fernando"]
[Black "Cubas Cabrera, Angel Luis"]
[Result "0-1"]
[ECO "A14"]
[WhiteElo "2144"]
[BlackElo "2123"]
[Annotator "NA"]
[PlyCount "142"]
[EventDate "2019.05.02"]
[EventType "swiss"]
[EventCountry "ESP"]
[SourceTitle "playchess.com"]
[Source "ChessBase"]
[SourceQuality "1"]
[TimeControl "5400+30"]

1. g3 d5 2. Bg2 Nf6 3. c4 e6 4. Nf3 Be7 5. O-O O-O 6. b3 b6 7. Bb2 Bb7 8. d3 c5 9. e3 Nc6 10. Nc3 Rc8 11. Qe2 Qd6 12. Rfd1 Qb8 13. Rac1 Rfd8 14. cxd5 Nxd5 15. Nxd5 Rxd5 16. Nd2 Rdd8 17. Qg4 Bf8 18. Nc4 Nb4 19. Be5 Qa8 20. Bf1 Bf3 21. Qh4 Bxd1 22. Rxd1 Qb7 23. a3 Nc6 24. Bc3 b5 25. Nd2 Ne7 26. Qg4 Ng6 27. Bb2 Qd7 28. h4 h6 29. h5 Ne7 30. Be2 e5 31. Qxd7 Rxd7 32. Bxe5 Nc6 33. Bb2 Rcd8 34. Nf3 a6 35. Rc1 Na5 36. Nd2 Rxd3 37. Bxd3 Rxd3 38. Rc2 Nxb3 39. Nf3 Rd1+ 40. Kg2 c4 41. Nd4 Nxd4 42. exd4 Rd3 43. a4 Be7 44. Re2 Kf8 45. axb5 axb5 46. Re5 Rb3 47. Bc1 Bf6 48. Rd5 Ke7 49. Be3 b4 50. Rc5 c3 51. Kf3 Rb2 52. Ke4 c2 53. Kd3 b3 54. Rb5 Rb1 55. Bd2 Rd1 56. Ke2 c1=Q 57. Bxc1 Rxc1 58. Rxb3 Bxd4 59. f3 Rc7 60. Kd3 Bf6 61. Ke4 Rc4+ 62. Kd3 Rc6 63. Rb7+ Ke6 64. Rb5 Be5 65. f4 Bd6 66. Ke4 Rc4+ 67. Kf3 Rc5 68. Rb6 Rxh5 69. g4 Ra5 70. f5+ Kd7 71. Rb3 Ra3 0-1

[Event "Canary Islands-ch 2019"]
[Site "La Palma"]
[Date "2019.05.03"]
[Round "3.1"]
[White "Perez Guerra, Raul"]
[Black "Korneev Leskova, Svyatoslav"]
[Result "1/2-1/2"]
[ECO "C01"]
[WhiteElo "2125"]
[BlackElo "2156"]
[Annotator "RC"]
[PlyCount "176"]
[EventDate "2019.05.02"]
[EventType "swiss"]
[EventCountry "ESP"]
[SourceTitle "playchess.com"]
[Source "ChessBase"]
[SourceQuality "1"]
[TimeControl "5400+30"]

1. e4 e6 2. d4 d5 3. exd5 exd5 4. Bd3 Nc6 5. Nf3 Bd6 6. O-O Nge7 7. Re1 Bg4 8. c3 Qd7 9. Na3 a6 10. Nc2 O-O 11. Ne3 Bh5 12. Ne5 Bxd1 13. Nxd7 Rfd8 14. Nf6+ gxf6 15. Rxd1 Bf4 16. g3 Bxe3 17. Bxe3 Kg7 18. Re1 Nc8 19. Bf4 Nd6 20. Re2 Rd7 21. Rae1 Rad8 22. h4 Na7 23. h5 h6 24. Kg2 Nac8 25. Kf3 Rf8 26. Rh1 f5 27. Rg1 Ne4 28. g4 fxg4+ 29. Rxg4+ Kh7 30. Rg1 f5 31. Rg6 Rg7 32. Rxh6+ Kg8 33. Re1 Ncd6 34. Be5 Rg4 35. Rg6+ Kh7 36. Rxg4 fxg4+ 37. Kxg4 Rg8+ 38. Kh3 Kh6 39. Bf4+ Kxh5 40. Be2+ Kg6 41. Rg1+ Kh7 42. Rxg8 Kxg8 43. f3 Nf6 44. Be5 Kf7 45. Kh4 Ke6 46. Bd3 a5 47. Bxd6 Kxd6 48. Kg5 Ke7 49. Kg6 c6 50. f4 Ne4 51. Be2 Nf2 52. f5 Ne4 53. Kg7 Nf6 54. Bf3 Ne8+ 55. Kg6 Nf6 56. b3 b5 57. a4 bxa4 58. bxa4 Ne8 59. Be2 Nf6 60. Ba6 Ne4 61. Kg7 Nf6 62. Bb7 Nh5+ 63. Kg6 Nf4+ 64. Kg5 Ne2 65. Bxc6 Nxc3 66. Kg6 Ne2 67. Kg7 Nxd4 68. f6+ Ke6 69. f7 Nf5+ 70. Kf8 Nh6 71. Be8 Kf6 72. Bc6 Nxf7 73. Bxd5 Nd6 74. Bc6 Ke6 75. Kg7 Nf5+ 76. Kh7 Ne7 77. Bb5 Kd6 78. Kh6 Kc5 79. Kg5 Kb4 80. Kf4 Nd5+ 81. Ke4 Nb6 82. Kd3 Kb3 83. Kd2 Kb2 84. Kd3 Nd5 85. Kc4 Ne3+ 86. Kd3 Nd1 87. Be8 Nc3 88. Kc4 Nxa4 1/2-1/2

[Event "Canary Islands-ch 2019"]
[Site "La Palma"]
[Date "2019.05.03"]
[Round "3.2"]
[White "Cubas Cabrera, Angel Luis"]
[Black "Martin Rodriguez, Pablo"]
[Result "1/2-1/2"]
[ECO "A43"]
[WhiteElo "2123"]
[BlackElo "2004"]
[Annotator "NA"]
[PlyCount "54"]
[EventDate "2019.05.02"]
[EventType "swiss"]
[EventCountry "ESP"]
[SourceTitle "playchess.com"]
[Source "ChessBase"]
[SourceQuality "1"]
[TimeControl "5400+30"]

1. d4 Nf6 2. Nf3 c5 3. d5 b5 4. Bg5 d6 5. e3 a6 6. a4 {[%emt 0:00:25] A43: Schmid Benoni} b4 7. Bxf6 exf6 8. a5 g6 9. Nbd2 Nd7 $146 ({Predecessor:} 9... Ra7 10. c3 bxc3 11. bxc3 Bg7 12. Qa4+ Bd7 13. Qf4 O-O 14. Qxd6 {1-0 (24) Van den Doel,E (2564)-Plomp,M (2546) Zwolle 2001}) 10. e4 Ne5 11. Nxe5 fxe5 12. Be2 f5 13. Bd3 f4 14. Nc4 Qg5 15. Kf1 Ra7 16. Nb6 Bb7 17. h4 Qe7 18. h5 g5 19. Qg4 Bg7 20. Be2 O-O 21. Qh3 Bf6 22. b3 $16 Kh8 23. Rd1 Qc7 24. Bg4 Bd8 25. Nc4 Qe7 26. Be6 Bc7 27. Qg4 Raa8 1/2-1/2

[Event "Canary Islands-ch 2019"]
[Site "La Palma"]
[Date "2019.05.03"]
[Round "3.3"]
[White "Cruz Gomez, Isidro"]
[Black "Ramirez Medina, Victor"]
[Result "0-1"]
[ECO "E04"]
[WhiteElo "2051"]
[BlackElo "2233"]
[Annotator "NA"]
[PlyCount "50"]
[EventDate "2019.05.02"]
[EventType "swiss"]
[EventCountry "ESP"]
[SourceTitle "playchess.com"]
[Source "ChessBase"]
[SourceQuality "1"]
[TimeControl "5400+30"]

1. d4 Nf6 2. c4 e6 3. Nf3 d5 4. g3 dxc4 5. Bg2 a6 6. Ne5 c5 7. e3 {[%emt 0:04:27] E04: Open Catalan: 5 Nf3} (7. Be3 Nd5 8. Nc3 Nxe3 9. fxe3 Nd7 10. Nxc4 Be7 11. dxc5 Bxc5 12. Nd6+ Bxd6 13. Qxd6 Qe7 14. Qd4 Nf6 15. O-O O-O {½-½ (64) Onischuk,A (2681)-Bruzon Batista,L (2673) Saint Louis 2018}) 7... cxd4 8. exd4 Bb4+ 9. Nc3 O-O 10. Nxc4 $146 ({Predecessor:} 10. O-O Nd5 11. Nxc4 Bxc3 12. bxc3 b5 13. Ne5 Ra7 14. Ba3 Re8 {1-0 (32) Markus,R (2550)-Portisch,L (2543) Hungary 2004}) 10... Nc6 11. Be3 Nd5 12. Qd3 e5 13. Bxd5 Bxc3+ 14. Qxc3 Qxd5 15. O-O-O Bg4 16. dxe5 Bxd1 17. Rxd1 Qe4 18. Bc5 Rfd8 19. Bd6 Rac8 20. f3 Qf5 21. g4 $2 (21. Nb6 Nd4 22. Nxc8 Rxc8 23. Rxd4 Rxc3+ 24. bxc3) 21... Qf4+ 22. Kb1 Nxe5 23. Rd4 Rxc4 24. Rxc4 Qxc4 $19 25. Qxe5 Qd3+ 0-1

[Event "Canary Islands-ch 2019"]
[Site "La Palma"]
[Date "2019.05.04"]
[Round "4.2"]
[White "Korneev Leskova, Svyatoslav"]
[Black "Cubas Cabrera, Angel Luis"]
[Result "1/2-1/2"]
[ECO "E17"]
[WhiteElo "2156"]
[BlackElo "2123"]
[Annotator "NA"]
[PlyCount "34"]
[EventDate "2019.05.02"]
[EventType "swiss"]
[EventCountry "ESP"]
[SourceTitle "playchess.com"]
[Source "ChessBase"]
[SourceQuality "1"]
[TimeControl "5400+30"]

1. c4 e6 2. Nf3 d5 3. g3 Nf6 4. Bg2 Be7 5. O-O O-O 6. b3 b6 7. Bb2 Bb7 8. cxd5 Nxd5 9. Nc3 c5 10. d4 Nd7 11. Qd2 Rc8 12. Rfd1 Qc7 13. Rac1 Qb8 14. Nxd5 $11 Bxd5 15. dxc5 Nxc5 16. Bd4 Rfd8 17. Qb2 Bf8 1/2-1/2

[Event "Canary Islands-ch 2019"]
[Site "La Palma"]
[Date "2019.05.04"]
[Round "5.1"]
[White "Martin Hernandez, Ruben"]
[Black "Ramirez Medina, Victor"]
[Result "1/2-1/2"]
[ECO "B53"]
[WhiteElo "2170"]
[BlackElo "2233"]
[Annotator "NA"]
[PlyCount "41"]
[EventDate "2019.05.02"]
[EventType "swiss"]
[EventCountry "ESP"]
[SourceTitle "playchess.com"]
[Source "ChessBase"]
[SourceQuality "1"]
[TimeControl "5400+30"]

1. e4 c5 2. Nf3 d6 3. d4 cxd4 4. Qxd4 Nc6 5. Bb5 a6 6. Bxc6+ bxc6 7. Nc3 e5 8. Qe3 Nf6 9. O-O Be7 10. b3 O-O 11. Bb2 Bg4 12. Rad1 Qc7 13. h3 Bh5 14. Ne2 Rfe8 15. c4 Bxf3 16. Qxf3 a5 17. Nc3 Nd7 18. Rd2 Bg5 19. Rdd1 Be7 20. Rd2 Bg5 21. Rdd1 1/2-1/2

[Event "Canary Islands-ch 2019"]
[Site "La Palma"]
[Date "2019.05.04"]
[Round "5.2"]
[White "Martin Rodriguez, Pablo"]
[Black "Korneev Leskova, Svyatoslav"]
[Result "1/2-1/2"]
[ECO "A90"]
[WhiteElo "2004"]
[BlackElo "2156"]
[Annotator "NA"]
[PlyCount "36"]
[EventDate "2019.05.02"]
[EventType "swiss"]
[EventCountry "ESP"]
[SourceTitle "playchess.com"]
[Source "ChessBase"]
[SourceQuality "1"]
[TimeControl "5400+30"]

1. d4 e6 2. c4 f5 3. g3 Nf6 4. Bg2 d5 5. Nf3 c6 6. O-O Bd6 7. b3 Qe7 8. a4 a5 9. Ba3 Bxa3 10. Nxa3 b6 11. cxd5 cxd5 12. Ne5 Bb7 13. Nb5 Na6 14. Rc1 O-O 15. Nc6 Qd7 16. Ne5 Qe7 17. Nc6 Qd7 18. Ne5 Qe7 1/2-1/2

[Event "Canary Islands-ch 2019"]
[Site "La Palma"]
[Date "2019.05.04"]
[Round "5.3"]
[White "Cubas Cabrera, Angel Luis"]
[Black "Perez Bolanos, David"]
[Result "1-0"]
[ECO "A83"]
[WhiteElo "2123"]
[BlackElo "1844"]
[Annotator "ChessBase"]
[PlyCount "84"]
[EventDate "2019.05.02"]
[EventType "swiss"]
[EventCountry "ESP"]
[SourceTitle "playchess.com"]
[Source "ChessBase"]
[SourceQuality "1"]
[TimeControl "5400+30"]

1. d4 f5 2. Nc3 Nf6 3. Bg5 e6 4. e4 fxe4 5. Nxe4 Be7 6. Bxf6 Bxf6 7. Qh5+ g6 8. Qh6 d5 9. Nxf6+ Qxf6 10. O-O-O Bd7 11. Nf3 Nc6 12. Bb5 O-O-O 13. Bxc6 Bxc6 14. Rde1 Rde8 15. Re3 Re7 16. h4 Rf8 17. Rhe1 Bd7 18. Qg5 Qxg5 19. hxg5 Rf5 20. Rh1 b6 21. Kd2 Kb7 22. Re5 Ref7 23. Ree1 Re7 24. Rh4 c5 25. c3 cxd4 26. cxd4 a6 27. Reh1 Rff7 28. Ke3 Kc7 29. Ne5 Rg7 30. f4 Be8 31. Ng4 Bf7 32. Rxh7 Be8 33. Rxg7 Rxg7 34. Rh8 Bd7 35. Ne5 a5 36. Rf8 Kd6 37. Rd8 Kc7 38. Rxd7+ Rxd7 39. Nxd7 Kxd7 40. g4 Ke7 41. f5 exf5 42. gxf5 gxf5 {[%emt 0:00:03] Ke4 [%emt 00:00:13]} 1-0

[Event "Canary Islands-ch 2019"]
[Site "La Palma"]
[Date "2019.05.05"]
[Round "6.1"]
[White "Ramirez Medina, Victor"]
[Black "Cubas Cabrera, Angel Luis"]
[Result "1-0"]
[ECO "E05"]
[WhiteElo "2233"]
[BlackElo "2123"]
[Annotator "NA"]
[PlyCount "87"]
[EventDate "2019.05.02"]
[EventType "swiss"]
[EventCountry "ESP"]
[SourceTitle "playchess.com"]
[Source "ChessBase"]
[SourceQuality "1"]
[TimeControl "5400+30"]

1. d4 d5 2. c4 e6 3. Nf3 Nf6 4. g3 Be7 5. Bg2 O-O 6. O-O dxc4 7. Qc2 b6 {[%emt 0:00:19] E05: Open Catalan: 5 Nf3 Be7} (7... a6 8. Qxc4 b5 9. Qc2 Bb7 10. Bd2 Be4 11. Qc1 c6 12. Rd1 Nbd7 13. Nc3 Bg6 14. a3 Rc8 15. b4 Nd5 16. Be1 Qc7 17. e3 h6 18. Qb2 N5b6 19. Qe2 {½-½ (31) Yu,Y (2751)-Giri,A (2797) Shenzhen 2019}) 8. Bg5 Nd5 9. Bxe7 Qxe7 10. Nbd2 Bb7 11. Nxc4 c5 12. dxc5 bxc5 13. Nce5 $146 ({Predecessor:} 13. a3 Nc6 14. e3 Rab8 15. Rac1 {1-0 (27) Dhulipalla,B (2352)-Hasan,M (2180) Chittagong 2018}) 13... h6 14. Rac1 Rc8 15. Rfd1 Nc6 16. Nxc6 Rxc6 17. Ne5 Rcc8 18. b3 Nb6 19. Bxb7 Qxb7 20. Rd3 Nd5 21. Rd2 a5 22. Nc4 Qa6 23. e4 Nb4 24. Qc3 a4 25. bxa4 Qc6 $2 (25... Rd8 $14) 26. a3 Na6 27. Rcd1 Rab8 28. a5 Nc7 29. a4 Re8 30. Qe5 (30. Qc2 $18) 30... Qxa4 31. Nd6 ({Much less strong is} 31. Qxc7 $6 Qxc4 32. Rd7 Qa4 $14) 31... Rf8 32. Qxc5 Nb5 $16 33. e5 Qxa5 34. Rb2 Qa4 35. Rdb1 Nxd6 36. Rxb8 Ne8 37. Qe7 g6 38. Rc1 h5 39. h4 Kg7 40. Rd8 Qb5 41. Rcc8 Qb1+ 42. Kh2 Qa2 43. Qc5 Qa4 44. Ra8 1-0

[Event "Canary Islands-ch 2019"]
[Site "La Palma"]
[Date "2019.05.05"]
[Round "6.2"]
[White "Korneev Leskova, Svyatoslav"]
[Black "Martin Hernandez, Ruben"]
[Result "0-1"]
[ECO "A25"]
[WhiteElo "2156"]
[BlackElo "2170"]
[Annotator "RC"]
[PlyCount "79"]
[EventDate "2019.05.02"]
[EventType "swiss"]
[EventCountry "ESP"]
[SourceTitle "playchess.com"]
[Source "ChessBase"]
[SourceQuality "1"]
[TimeControl "5400+30"]

1. c4 e5 2. g3 Nc6 3. Bg2 f5 4. Nc3 Nf6 5. d3 Bb4 6. e3 Bxc3+ 7. bxc3 O-O 8. Ne2 d6 9. Rb1 e4 10. d4 Na5 11. c5 dxc5 12. Ba3 b6 13. O-O Be6 14. dxc5 Qxd1 15. Rfxd1 Nc4 16. Bc1 bxc5 17. Nf4 Bf7 18. Bf1 Rfd8 19. Rxd8+ Rxd8 20. Kg2 g5 21. Nh3 h6 22. Be2 Nb6 23. Rb5 Na4 24. Ra5 Nxc3 25. Bf1 Rd1 26. Bb2 Ncd5 27. Bxf6 Nxf6 28. Rxc5 Nd5 29. Ra5 Rd2 30. Kg1 Bh5 31. f4 Nxe3 32. Ra3 Nxf1 33. Kxf1 Rd1+ 34. Kf2 Bg4 35. Ng1 Rd2+ 36. Kf1 Rxh2 37. Rc3 Rxa2 38. Rxc7 gxf4 39. gxf4 h5 40. Ke1 0-1

[Event "Canary Islands-ch 2019"]
[Site "La Palma"]
[Date "2019.05.05"]
[Round "6.3"]
[White "Martin Rodriguez, Pablo"]
[Black "Guerra Arrocha, Daniel"]
[Result "1/2-1/2"]
[ECO "D78"]
[WhiteElo "2004"]
[BlackElo "2133"]
[Annotator "NA"]
[PlyCount "215"]
[EventDate "2019.05.02"]
[EventType "swiss"]
[EventCountry "ESP"]
[SourceTitle "playchess.com"]
[Source "ChessBase"]
[SourceQuality "1"]
[TimeControl "5400+30"]

1. d4 Nf6 2. Nf3 g6 3. g3 Bg7 4. Bg2 O-O 5. c4 c6 6. O-O d5 7. Nbd2 Bf5 8. b3 Ne4 9. Bb2 Qa5 10. Qe1 {[%emt 0:13:10] D78: Fianchetto Grünfeld: 6 0-0 c6} (10. e3 Nxd2 11. Nxd2 Bd3 12. Re1 Nd7 13. a3 Nf6 14. Rc1 Bf5 15. b4 Qb6 16. Nb3 Rad8 17. h3 h5 {1-0 (38) Kuzubov,Y (2655)-Hammer,J (2662) Saint Louis 2018}) 10... Nxd2 11. Qxd2 Qxd2 12. Nxd2 dxc4 $146 ({Predecessor:} 12... Rd8 13. Rac1 Na6 14. Rfd1 Rac8 15. a3 Nc7 16. e3 Ne8 17. b4 e6 18. Bf1 Nd6 19. f3 g5 20. c5 Ne8 {½-½ (20) Portisch,L-Gligoric,S Pula 1971}) 13. Nxc4 Nd7 14. e4 Be6 15. Ne3 c5 16. Rfd1 Rfd8 17. Rab1 cxd4 18. Bxd4 Bxd4 19. Rxd4 Ne5 20. Nd5 Nc6 21. Rdd1 Rd7 22. Nf4 Rad8 23. Rxd7 Rxd7 24. Nxe6 fxe6 25. Rb2 Ne5 26. Bf1 Rd4 27. Re2 Nf3+ 28. Kg2 Nd2 29. e5 g5 30. h3 Kf7 31. Re3 Nxf1 32. Kxf1 Rd1+ 33. Re1 Rd5 34. Re3 Kg6 35. g4 h5 36. f3 hxg4 37. hxg4 Ra5 38. a4 Kf7 39. Kf2 b5 40. axb5 Rxb5 41. Kg3 Rb4 42. Rc3 Rb5 43. Re3 Rd5 44. Kf2 Ke8 45. Kg3 Rd4 46. Rc3 Kd7 47. Kf2 Rd5 48. Re3 Rb5 49. Kg3 Rb4 50. Rc3 a6 51. Kf2 Rb5 52. Re3 Kc6 53. Kg3 Rb4 54. Rc3+ Kd5 55. Re3 a5 56. Rc3 Kd4 57. Rc6 Kxe5 58. Rc5+ Kf6 59. Rxa5 Rxb3 60. Ra4 Rd3 61. Re4 Rc3 62. Kf2 e5 63. Kg3 Rd3 64. Kf2 Rd4 65. Ke3 Rd1 66. Ke2 Rb1 67. Ke3 Rb3+ 68. Ke2 Ke6 69. Kf2 Rd3 70. Kg2 Rd4 71. Re3 e4 72. fxe4 Ke5 73. Rf3 e6 74. Rf8 Rxe4 75. Kg3 Re3+ 76. Kf2 Rb3 77. Rf7 Rc3 78. Rf8 Rc5 $15 79. Re8 Kd5 80. Rg8 Ke4 81. Rf8 Kd4 82. Rg8 Rd5 83. Kg3 Ke4 84. Rf8 Rd3+ 85. Kg2 Rd7 86. Kg3 Ke5 87. Kg2 Kd4 88. Rg8 Rd5 89. Kg3 Ke4 90. Rg6 Re5 91. Rf6 Kd5 92. Rg6 Kd6 93. Rg7 Ra5 94. Kg2 Re5 95. Rf7 Kd5 96. Rg7 Ke4 97. Kg3 Ra5 98. Rg6 Re5 99. Rf6 Ke3 100. Rg6 Ke2 101. Kg2 Ke1 102. Kg1 Kd2 103. Kf2 Re2+ 104. Kf3 e5 105. Rd6+ Ke1 106. Re6 Kf1 107. Re7 Rf2+ 108. Kg3 1/2-1/2